 Dungeon Sprint DCSS version 0.25.0-26-g0c896c7088 (webtiles) character file.

Game seed: 3190003360193286797

1775 protoss039 the Earth Mage (level 8, -2/41 HPs)
             Began as a Deep Elf Earth Elementalist on July 1, 2020.
             Was a Believer of Vehumet.
             Slain by a demonic crawler (11 damage)
             ... in the Dungeon (Sprint I: "Red Sonja").
             The game lasted 00:05:06 (947 turns).

protoss039 the Earth Mage (DEEE)                     Turns: 947, Time: 00:05:07

Health: -2/41      AC:  3    Str:  5    XL:     8   Next: 80%
Magic:  19/29      EV: 13    Int: 23    God:    Vehumet [**....]
Gold:   513        SH:  0    Dex: 15    Spells: 23/38 levels left

rFire    . . .     SeeInvis .   k - +2 scythe (venom)
rCold    . . .     Gourm    .   (shield currently unavailable)
rNeg     . . .     Faith    .   l - +1 robe {MR+}
rPois    .         Spirit   .   (no helmet)
rElec    .         Reflect  .   (no cloak)
rCorr    .         Harm     .   (no gloves)
MR       +....     NoTele   +   (no boots)
Stlth    ++........             (no amulet)
HPRegen  0.13/turn              (no ring)
MPRegen  0.21/turn              (no ring)

@: no status effects
A: no striking features
a: Renounce Religion


You were in the Dungeon.
You worshipped Vehumet.
Vehumet was pleased with you.
You were hungry.

You visited 1 branch You collected 513 gold pieces.

Inventory:

Hand Weapons
 k - a +2 scythe of venom (weapon)
Missiles
 b - 19 stones (quivered)
Armour
 a - a +0 scale mail
 l - a +1 robe of magic resistance (worn)
Scrolls
 j - a scroll of blinking
Potions
 e - a potion of curing
 f - a potion of heal wounds
 g - a potion of haste
 h - 2 potions of magic
Comestibles
 d - 2 rations


   Skills:
 - Level 2.4 Dodging
 - Level 2.4 Stealth
 * Level 15.5 Spellcasting
 + Level 2.9 Transmutations
 * Level 15.9 Earth Magic


You had 23 spell levels left.
You knew the following spells:

 Your Spells              Type           Power        Failure   Level  Hunger
a - Sandblast             Erth           ######       0%          1    None
b - Passwall              Tmut/Erth      ######..     1%          2    None
c - Stone Arrow           Conj/Erth      ######       1%          3    None
d - Petrify               Tmut/Erth      ######..     1%          4    None
e - Lee's Rapid Deconstr  Erth           ######....   1%          5    ##.....

Your spell library contained the following spells:

 Spells                   Type           Power        Failure   Level  Hunger
 Magic Dart               Conj           ###.         3%          1    None


Dungeon Overview and Level Annotations

Branches:
Dungeon (1/1)

Altars:
Cheibriados
Dithmenos
Elyvilon
Fedhas
Gozag
Hepliaklqana
Kikubaaqudgha
Makhleb
Nemelex Xobeh
Okawaru
Qazlal
Ru
Sif Muna
Trog
Uskayaw
Vehumet
Wu Jian
Xom
Yredelemnul
Zin
The Shining One
Jiyva
Lugonu

Shops:
D =

Annotations:
D exclusion: door


Message History

Unknown command.
Unknown command.
Casting: Lee's Rapid Deconstruction (safe; 1% risk of failure)
Confirm with . or Enter, or press ? or * to list all spells.
Aiming: Lee's Rapid Deconstruction (safe; 1% risk of failure)
Press: ? - help, Dir - move target cursor A rock wall.
The wall shatters!
The blast of rock fragments hits the demonic crawler!!
The demonic crawler is moderately wounded.
The blast of rock fragments hits the demonic crawler!!
The demonic crawler is severely wounded.
The blast of rock fragments hits the demonic crawler.
The demonic crawler is moderately wounded.
The demonic crawler hits you! The demonic crawler hits you. x2
The demonic crawler closely misses you. The demonic crawler hits you!
The demonic crawler misses you. The demonic crawler hits you.
* * * LOW HITPOINT WARNING * * *
The demonic crawler barely misses you. The demonic crawler hits you!
You die...

###################
..#..'..#__#..)..)#
..'[.#..'..'..#.@s##+#
#'#####'#__####..sss.#
..#...#.#### #####..+
###..##)# ##
__##'#_.+§≈≈.§
...'..._#≈≈§§c
__##_(#'##+# __###'#[#
#####.###


You could see 4 demonic crawlers.

Vanquished Creatures
  Sonja (D)
  2 kobold demonologists (D)
  A slime creature (D)
  Sigmund (D)
  A yak (D)
  A floating eye (D)
  An ogre (D)
  A jelly (D)
  Ijyb (D)
10 creatures vanquished.

Notes
Turn   | Place    | Note
-------+----------+-------------------------------------------
     0 | D        | protoss039 the Deep Elf Earth Elementalist began the quest
                  | for the Orb.
     0 | D        | Reached XP level 1. HP: 10/10 MP: 6/6
     1 | D        | Noticed Ijyb
    12 | D        | Killed Ijyb
    12 | D        | Reached skill level 5 in Spellcasting
    12 | D        | Reached XP level 2. HP: 15/15 MP: 0/10
    84 | D        | Learned a level 2 spell: Passwall
    86 | D        | Noticed an ogre
    91 | D        | Killed an ogre
    91 | D        | Reached XP level 3. HP: 19/19 MP: 5/14
    91 | D        | Reached XP level 4. HP: 24/24 MP: 5/15
   163 | D        | Learned a level 3 spell: Stone Arrow
   163 | D        | Noticed Sigmund
   165 | D        | Killed Sigmund
   165 | D        | Reached skill level 10 in Spellcasting
   165 | D        | Reached XP level 5. HP: 28/28 MP: 9/19
   258 | D        | Learned a level 4 spell: Petrify
   264 | D        | Learned a level 5 spell: Lee's Rapid Deconstruction
   272 | D        | Found a shimmering blue altar of Sif Muna.
   273 | D        | Found an ornate altar of the Wu Jian Council.
   276 | D        | Found a radiant altar of Vehumet.
   278 | D        | Reached XP level 6. HP: 32/32 MP: 14/21
   286 | D        | Became a worshipper of Vehumet
   302 | D        | Found Utod's Jewellery Emporium.
   302 | D        | Found an ancient bone altar of Kikubaaqudgha.
   302 | D        | Found a hazy altar of Hepliaklqana.
   302 | D        | Found a hide-covered altar of Uskayaw.
   302 | D        | Found a basalt altar of Yredelemnul.
   302 | D        | Found an opulent altar of Gozag.
   302 | D        | Found a snail-covered altar of Cheibriados.
   302 | D        | Found a sacrificial altar of Ru.
   302 | D        | Found a shadowy altar of Dithmenos.
   302 | D        | Noticed a yak
   320 | D        | Found a stormy altar of Qazlal.
   320 | D        | Found a blossoming altar of Fedhas.
   320 | D        | Found a bloodstained altar of Trog.
   320 | D        | Found an iron altar of Okawaru.
   320 | D        | Found a glowing golden altar of the Shining One.
   320 | D        | Found a glowing silver altar of Zin.
   320 | D        | Found a white marble altar of Elyvilon.
   339 | D        | Killed a yak
   349 | D        | Found a sparkling altar of Nemelex Xobeh.
   515 | D        | Noticed Sonja
   517 | D        | Killed Sonja
   517 | D        | Reached XP level 7. HP: 27/36 MP: 13/26
   746 | D        | Found a viscous altar of Jiyva.
   746 | D        | Found a corrupted altar of Lugonu.
   746 | D        | Noticed a slime creature
   748 | D        | Found a burning altar of Makhleb.
   748 | D        | Found a shimmering altar of Xom.
   749 | D        | Killed a slime creature
   749 | D        | Reached * piety under Vehumet
   749 | D        | Offered knowledge of Magic Dart by Vehumet.
   749 | D        | Reached XP level 8. HP: 41/41 MP: 17/28
   811 | D        | Noticed a kobold demonologist
   813 | D        | Killed a kobold demonologist
   813 | D        | Reached skill level 15 in Earth Magic
   813 | D        | Noticed a kobold demonologist
   816 | D        | Killed a kobold demonologist
   816 | D        | Reached skill level 15 in Spellcasting
   817 | D        | Reached ** piety under Vehumet
   926 | D        | Noticed a centaur warrior
   944 | D        | Noticed a demonic crawler
   944 | D        | Noticed a demonic crawler
   944 | D        | Noticed a demonic crawler
   944 | D        | Noticed a demonic crawler
   947 | D        | Slain by a demonic crawler

Illustrated notes

Levels and vault maps discovered:
D:        dungeon_sprint_1 [red_sonja_temple_1, red_sonja_temple_small_1]

Skill      XL: |  1  2  3  4  5  6  7  8 |
---------------+-------------------------+-----
Spellcasting   | 5 7 10 13 14 15 | 15.5
Earth Magic    | 6 8 11 14 15 | 15.9
Transmutations | 2 |  2.9
Dodging        | |  2.4
Stealth        | |  2.4

Action                   |  1- 3 |  4- 6 |  7- 9 || total
-------------------------+-------+-------+-------++-------
Melee: Unarmed           |     4 |       |       ||     4
       Scythe            |       |     4 |       ||     4
 Cast: Sandblast         |    10 |     1 |       ||    11
       Stone Arrow       |       |     4 |     1 ||     5
       Petrify           |       |     3 |       ||     3
       Lee's Rapid Decon |       |     1 |     9 ||    10
  Use: Potion            |     1 |       |       ||     1
 Stab: Petrified         |       |     4 |       ||     4
Armor: Robe              |     1 |       |       ||     1
Dodge: Dodged            |     4 |     2 |     4 ||    10
